 Dungeon Crawl Stone Soup version 0.21-a0-329-g12f17e1 (webtiles) character file.

157 vishdafish the Magician (level 5, -5/38 HPs)
             Began as a Demonspawn Skald on Oct 1, 2017.
             Slain by a phantom (7 damage)
             ... on level 3 of the Dungeon.
             The game lasted 00:03:27 (2308 turns).

vishdafish the Magician (Demonspawn Skald)          Turns: 2308, Time: 00:03:27

Health: -5/38      AC:  4    Str: 12    XL:     5   Next: 15%
Magic:  1/9        EV: 12    Int: 15    God:
Gold:   158        SH:  0    Dex: 12    Spells: 9/10 levels left

rFire    + . .     SeeInvis .   a - +0 spear
rCold    + + .     Gourm    .   (no shield)
rNeg     . . .     Faith    .   b - +0 leather armour
rPois    .         Spirit   .   (no helmet)
rElec    .         Reflect  .   (no cloak)
rCorr    .         Harm     .   (no gloves)
MR       .....                  u - +0 pair of boots
Stlth    +.........             (no amulet)
HPRegen  0.12/turn              o - ring of protection from fire
MPRegen  0.11/turn              t - ring of protection from cold

@: infused
A: talons 1, cold resistance 1
a: no special abilities


You were on level 3 of the Dungeon.
You were very hungry.

You visited 1 branch of the dungeon, and saw 3 of its levels.

You collected 158 gold pieces.

Inventory:

Hand Weapons
 a - a +0 spear (weapon)
Armour
 b - a +0 leather armour (worn)
 u - a +0 pair of boots (worn)
Jewellery
 o - a ring of protection from fire (left hand)
 t - a ring of protection from cold (right hand)
Scrolls
 g - 5 scrolls of identify {unknown}
 h - a scroll of blinking {unknown}
 j - 4 scrolls of remove curse {unknown}
 l - a scroll of teleportation {unknown}
 n - a scroll of enchant armour {unknown}
 p - a scroll of random uselessness {unknown}
 q - a scroll of fog {unknown}
 s - a scroll of recharging {unknown}
Potions
 e - a potion of curing
 i - 2 potions of agility {unknown}
 r - a potion of degeneration {unknown}
Books
 c - a book of Battle

   Spells                             Type                      Level
   a - Infusion                       Charms                       1
   b - Shroud of Golubria             Charms/Translocation         2
   c - Song of Slaying                Charms                       2
   d - Spectral Weapon                Hexes/Charms                 3
   e - Regeneration                   Charms/Necromancy            3
Comestibles
 d - 4 bread rations
 f - 5 meat rations
 k - a royal jelly
 m - 4 fruits


   Skills:
 - Level 2.1 Fighting
 + Level 3.1 Polearms
 - Level 2.0 Armour
 - Level 2.0 Dodging
 + Level 3.3 Spellcasting
 - Level 3.0 Charms


You had 9 spell levels left.
You knew the following spells:

 Your Spells              Type           Power        Failure   Level  Hunger
a - Infusion              Chrm           ##..         7%          1    #......


Dungeon Overview and Level Annotations

Branches:
Dungeon (3/15)

Altars:
Ashenzari
Sif Muna
Vehumet
Xom


Innate Abilities, Weirdness & Mutations

You have sharp toenails.
Your flesh is cold resistant. (rC+)


Message History

You completely miss the phantom.
The phantom is heavily damaged.
The phantom blinks!
You see here an adder corpse.
The phantom barely misses you.
You see here an adder corpse.
You hit the phantom.
The phantom is heavily damaged.
The phantom hits you but does no damage.
You hit the phantom but do no damage.
The phantom is heavily damaged.
The phantom barely misses you.
You closely miss the phantom.
The phantom is heavily damaged.
The phantom blinks!
The phantom hits you but does no damage.
You hit the phantom.
The phantom is severely damaged.
The phantom hits you!
You die...

##########
>....... #.
#.....###...
#...........
##...........
####....%.####...
........W......#
####..§@######...
##.#†# #.#.#
..#.# ## #.# ##.#
#)# ####..#####
#.# #.........#
#.# #.#######.#
#.#


You could see a phantom.

Vanquished Creatures
  6 adders
  2 oozes
  A worm (D:2)
  5 dart slugs
  2 leopard geckos
  6 bats
  7 giant cockroaches
  7 goblins
  10 hobgoblins
  9 jackals
  A quokka (D:3)
  3 ball pythons
  7 frilled lizards
  3 kobolds
  8 rats
77 creatures vanquished.

Notes
Turn   | Place    | Note
-------+----------+-------------------------------------------
     0 | D:1      | vishdafish the Demonspawn Skald began the quest for the Orb.
     0 | D:1      | Reached XP level 1. HP: 16/16 MP: 3/3
    60 | D:1      | Gained mutation: You have sharp toenails. [demonic ancestry]
    60 | D:1      | Reached XP level 2. HP: 13/22 MP: 1/5
   104 | D:1      | Reached skill level 1 in Armour
   361 | D:1      | You fall through a shaft!
   364 | D:2      | Reached XP level 3. HP: 27/27 MP: 6/6
   753 | D:2      | Found a shimmering altar of Xom.
   827 | D:2      | Found a radiant altar of Vehumet.
   861 | D:2      | Found a deep blue altar of Sif Muna.
  1091 | D:2      | Reached XP level 4. HP: 24/33 MP: 6/8
  2167 | D:3      | Gained mutation: Your flesh is cold resistant. (rC+) [demonic ancestry]
  2167 | D:3      | Reached XP level 5. HP: 32/38 MP: 4/9
  2202 | D:3      | Found a shattered altar of Ashenzari.
  2255 | D:3      | Noticed a phantom
  2296 | D:3      | HP: 1/38 [phantom (2)]
  2308 | D:3      | Slain by a phantom

Vault maps used:
D:1:      minmay_arrival_loop
D:2:      cheibrodos_greedy_goblins, lemuel_crystal_altar, vehumet_crystals,
          xom_teletrap_fun
D:3:      elyvilon_altar_3, nicolae_overflow_hidden_temple,
          chequers_ecumenical_altar_lobes, first_bread

Skill      XL: |  1  2  3  4 |
---------------+-------------+-----
Charms         | 3 |  3.0
Armour         | 1 2 |  2.0
Polearms       | 2 3 |  3.1
Dodging        | 2 |  2.0
Spellcasting   | 3 |  3.3
Fighting       | |  2.1

Action                   |  1- 3 |  4- 6 || total
-------------------------+-------+-------++-------
Melee: Spear             |   147 |   156 ||   303
       Kick              |    19 |    14 ||    33
 Cast: Infusion          |     8 |     8 ||    16
  Use: Potion            |       |     2 ||     2
 Stab: Sleeping          |     2 |     2 ||     4
  Eat: Chunk             |       |     4 ||     4
Armor: Leather armour    |    33 |    33 ||    66
Dodge: Dodged            |    80 |   105 ||   185

Table legend:
 A = Spawn XP
 B = Non-spawn XP
 C = Spawn XP percentage of total XP
 D = Spawn monster count
 E = Non-spawn monster count
 F = Spawn count percentage of total count
 G = Total turns spent on level
                    A         B        C        D         E        F      G
               +---------+---------+-------+---------+---------+-------+---------
         Total |       0 |     225 |   0.0 |       0 |      77 |   0.0 |  2308
               +---------+---------+-------+---------+---------+-------+---------
           D:1 |       0 |      63 |   0.0 |       0 |      33 |   0.0 |   691
           D:2 |       0 |      81 |   0.0 |       0 |      25 |   0.0 |   954
           D:3 |       0 |      81 |   0.0 |       0 |      19 |   0.0 |   663
               +---------+---------+-------+---------+---------+-------+---------
